AoeStats
← Pillage The Village

Arena

507523797Analyzed
2v2 RM · 13d ago on Sep 18, 2026· 52m 34s· 4 players
Game mode
Random Map
Map size
Medium (4 player)
Population
200
Speed
Normal
Resources
Standard
Victory
Conquest
Starting age
Dark Age
Ending age
Imperial Age
RankedLock teamsTeams togetherTeam positionsShared explorationLock speedFull tech treeHidden civsTurbo modeCheats
Victory
Defeat
🇧🇪 Mongols · Belgium
1252
+13
🇧🇪 Khmer · Belgium
1215
+14
🇩🇪 Teutons · Germany
1210
-14
🇩🇪 Mongols · Germany
1158
-13
Dirk
10:30 Feudal Age
11:30 Loom
14:43 Castle Age
12:46 Double-Bit Axe
13:46 Gold Mining
25:14 Horse Collar
31:04 Imperial Age
29:48 Forging
29:39 Scale Mail Armor
31:36 Iron Casting
34:43 Blast Furnace
34:07 Bow Saw
34:04 Heavy Plow
35:29 Onager
41:02 Siege Onager
42:26 Wheelbarrow
42:53 Elite Teutonic Knight
43:53 Fletching
45:18 Bodkin Arrow
45:47 Crenellations
47:08 Padded Archer Armor
Magic Beam
10:18 Feudal Age
8:36 Loom
15:15 Castle Age
23:07 Fletching
29:43 Imperial Age
28:25 Bodkin Arrow
31:54 Bracer
33:47 Padded Archer Armor
36:31 Ballistics
36:38 Leather Archer Armor
40:28 Chemistry
40:32 Bloodlines
46:41 Capped Ram
Myll_Barka
3:53 Loom
10:07 Feudal Age
11:29 Double-Bit Axe
16:33 Castle Age
14:44 Horse Collar
16:06 Bloodlines
17:00 Scale Barding Armor
21:41 Husbandry
25:57 Fletching
27:00 Padded Archer Armor
27:42 Forging
27:54 Chain Barding Armor
29:28 Wheelbarrow
31:54 Bow Saw
33:18 Bodkin Arrow
35:59 Leather Archer Armor
35:25 Light Cavalry
36:46 Hand Cart
36:45 Town Watch
37:06 Heavy Plow
38:27 Ballistics
42:07 Imperial Age
40:00 Elite Skirmisher
42:33 Iron Casting
42:16 Elite Mangudai
43:58 Bracer
44:59 Hussar
46:37 Town Patrol
53:07 Chemistry
Pillage The Village
10:47 Feudal Age
14:22 Castle Age
12:25 Double-Bit Axe
13:31 Gold Mining
15:18 Husbandry
19:41 Loom
24:58 Bow Saw
24:44 Elite Skirmisher
25:36 Horse Collar
29:36 Fletching
33:35 Imperial Age
32:15 Forging
32:11 Scale Barding Armor
32:39 Bloodlines
33:22 Wheelbarrow
33:51 Ballistics
37:11 Conscription
37:37 Elite Battle Elephant
39:48 Iron Casting
39:33 Chain Barding Armor
39:27 Bodkin Arrow
40:18 Light Cavalry
41:01 Husbandry
42:14 Blast Furnace
42:25 Chemistry
42:38 Gold Shaft Mining
42:53 Hussar
44:10 Plate Barding Armor
44:14 Heavy Plow
46:30 Bodkin Arrow
48:33 Bracer
48:31 Murder Holes
48:47 Masonry
Connection lost

Rejoining the realm…

Still unreachable

The connection could not be restored.

Session expired

The server has moved on; the page needs a fresh start.